[Event "Titled Tuesday Blitz April 19 Late 2022"]
[White "Demchenko, Anton"]
[Black "Djokic, Mihailo"]
[WhiteFideId "4160258"]
[BlackFideId "976440"]
[WhiteElo "2539"]
[BlackElo "2202"]
[Result "0-1"]
[Round "06"]
[TimeControl "180+1"]
[Date "2022.04.19"]
[WhiteClock "0:00:02"]
[BlackClock "0:00:30"]

1. e4 c5 2. Nf3 d6 3. d4 cxd4 4. Qxd4 a6 5. Be2 Nc6 6. Qe3 g6 7. O-O Bg7 8. Rd1 Qa5 9. Bd2 Qc7 10. Nc3 Nf6 11. h3 O-O 12. a4 Be6 13. Ng5 Nd7 14. Nxe6 fxe6 15. Be1 Kh8 16. h4 Nb4 17. Rac1 Qc5 18. Qxc5 Nxc5 19. a5 Nc6 20. f3 Rac8 21. Bf1 Nxa5 22. b4 Nd7 23. Ne2 Nc4 24. Nd4 Nb2 25. Nxe6 Nxd1 26. Nxf8 Nxf8 27. Rxd1 Rxc2 28. b5 axb5 29. Bxb5 Ne6 30. Bf1 Bd4+ 31. Kh2 Be5+ 32. Kg1 Rb2 33. Rc1 Nc5 34. Bf2 b6 35. g3 Kg7 36. Bg2 Rxf2 37. Rxc5 Rxg2+ 38. Kxg2 bxc5 0-1


[Site "https://www.chess.com"]

[Event "Titled Tuesday Blitz April 19 Late 2022"]
[White "Derraugh, Geordie"]
[Black "Yoo, Christopher Woojin"]
[WhiteFideId "2603950"]
[BlackFideId "30909694"]
[WhiteElo "2116"]
[BlackElo "2105"]
[Result "1/2-1/2"]
[Round "06"]
[TimeControl "180+1"]
[Date "2022.04.19"]
[WhiteClock "0:00:03"]
[BlackClock "0:00:04"]

1. e4 c5 2. c3 e6 3. d4 d5 4. exd5 Qxd5 5. Nf3 Nf6 6. Na3 a6 7. Nc2 Nc6 8. Be3 Ng4 9. dxc5 Nxe3 10. Nxe3 Qxc5 11. Bd3 Be7 12. Qc2 f5 13. b4 Qd6 14. Rd1 Qc7 15. Qb3 Ne5 16. Nd4 Nxd3+ 17. Rxd3 Qe5 18. Nf3 Qf6 19. Nc4 O-O 20. Nce5 g5 21. h3 Rd8 22. Qd1 Rxd3 23. Qxd3 b5 24. O-O Bb7 25. Qd7 Bd5 26. Re1 h5 27. Nd4 Rd8 28. Qa7 g4 29. hxg4 fxg4 30. Qxa6 Rf8 31. Re2 g3 32. fxg3 h4 33. gxh4 Qf1+ 34. Kh2 Rf4 35. Nef3 Bxh4 36. Qc8+ Rf8 37. Qd7 Bf6 38. Rxe6 Bxe6 39. Qxe6+ Rf7 40. Qg4+ Rg7 41. Qe6+ Rf7 42. Nf5 Qc1 43. N3d4 Qf4+ 44. Kg1 Qc1+ 45. Kh2 Qf4+ 46. Kg1 Bxd4+ 47. Nxd4 Qc1+ 48. Kh2 Qf4+ 49. Kg1 Qc1+ 50. Kh2 Qxc3 51. Nf5 Qd2 52. Ne7+ Kf8 53. Ng6+ Kg7 54. Nh4 Qf4+ 55. Kh3 Qg5 56. g4 Qf4 57. Nf5+ Rxf5 58. Qxf5 Qxb4 59. Qg5+ Kf7 60. Qf5+ Kg7 61. Qg5+ Kf7 62. Qf5+ Kg7 1/2-1/2


[Site "https://www.chess.com"]

[Event "Titled Tuesday Blitz April 19 Late 2022"]
[White "Dilmukhametov, Artur"]
[Black "Lehtosaari, Mauri"]
[WhiteFideId "24179922"]
[BlackFideId "501999"]
[WhiteElo "2244"]
[BlackElo "2469"]
[Result "1-0"]
[Round "06"]
[TimeControl "180+1"]
[Date "2022.04.19"]
[WhiteClock "0:00:10"]
[BlackClock "0:00:10"]

1. e4 c5 2. Nf3 e6 3. c3 Nf6 4. e5 Nd5 5. d4 d6 6. exd6 Bxd6 7. Bd3 cxd4 8. cxd4 Nc6 9. O-O O-O 10. Qe2 Ncb4 11. Be4 f5 12. Bxd5 Nxd5 13. Nc3 Nf4 14. Bxf4 Bxf4 15. Rfe1 Re8 16. Qb5 a6 17. Qb3 Kh8 18. Rad1 b5 19. d5 e5 20. g3 e4 21. Nd4 Bd6 22. Ne6 Qf6 23. Nd4 Bd7 24. a4 b4 25. Nce2 Rac8 26. Rc1 Bc5 27. Rc4 Bd6 28. Rec1 Rxc4 29. Qxc4 a5 30. b3 h6 31. Qa6 e3 32. f4 g5 33. Rc7 Rd8 34. Ra7 gxf4 35. Ra8 fxg3 36. Rxd8+ Qxd8 37. Qxd6 gxh2+ 38. Kh1 Qe8 39. Qf6+ Kg8 40. Kxh2 Qf7 41. Qxf7+ Kxf7 42. Kg3 Kf6 43. Kf4 h5 44. Nf3 Be8 45. Kxe3 Bf7 46. Nf4 h4 47. Nxh4 Kg5 48. Nf3+ Kg4 49. Ne5+ Kg5 50. Nxf7+ Kf6 51. Ne5 Kxe5 52. Kf3 Kd6 53. Kf2 Ke5 54. Ke3 Kd6 55. Kd4 Kd7 56. Kc5 Kc7 57. d6+ Kd7 58. Kd5 Kd8 59. Kc6 Kc8 60. d7+ Kd8 61. Ne6+ Ke7 62. Nc5 Kd8 63. Nb7+ Ke7 64. d8=Q+ Ke6 65. Qd6+ 1-0


[Site "https://www.chess.com"]

[Event "Titled Tuesday Blitz April 19 Late 2022"]
[White "Dobrov, Vladimir"]
[Black "Jobava, Baadur"]
[WhiteFideId "4136594"]
[BlackFideId "13601520"]
[WhiteElo "2575"]
[BlackElo "2617"]
[Result "1-0"]
[Round "06"]
[TimeControl "180+1"]
[Date "2022.04.19"]
[WhiteClock "0:00:03"]
[BlackClock "0:01:47"]

1. c4 c6 2. Nf3 d5 3. e3 Nf6 4. Qc2 Na6 5. Nc3 Nc7 6. d4 e6 7. b3 Be7 8. Bb2 O-O 9. Be2 b6 10. O-O Bb7 11. Rad1 Qc8 12. Ne5 h6 13. f4 c5 14. f5 exf5 15. Rxf5 cxd4 16. exd4 dxc4 17. bxc4 Be4 18. Nxe4 Qxf5 19. Bd3 Rac8 20. Nd6 Qf4 21. Nxc8 Rxc8 22. Qe2 Ne6 23. Rf1 Qg5 24. Rf5 Nf4 25. Qf3 Nh3+ 26. Qxh3 Qd2 27. Rf2 1-0


[Site "https://www.chess.com"]

[Event "Titled Tuesday Blitz April 19 Late 2022"]
[White "Fernandez Hernandez, Gerardo"]
[Black "Blackman, Justin"]
[WhiteFideId "2207400"]
[BlackFideId "11100516"]
[WhiteElo "2156"]
[BlackElo "2112"]
[Result "0-1"]
[Round "06"]
[TimeControl "180+1"]
[Date "2022.04.19"]
[WhiteClock "0:00:02"]
[BlackClock "0:00:29"]

1. e4 e5 2. Nf3 Nc6 3. Bc4 Bc5 4. b4 Bxb4 5. c3 Ba5 6. d4 d6 7. Qb3 Qd7 8. d5 Nce7 9. Nbd2 Nf6 10. O-O O-O 11. Ba3 Ng6 12. Bb5 Qe7 13. Nc4 Bb6 14. Rae1 Bg4 15. Ncd2 Nf4 16. h3 Bh5 17. Kh2 Bxf3 18. Nxf3 Kh8 19. g3 Ng6 20. Bd3 Ng8 21. c4 Nh6 22. c5 dxc5 23. Bc1 Ng8 24. Bg5 Qd6 25. Nd2 N8e7 26. Nc4 Qd7 27. a4 f6 28. Be3 c6 29. d6 Nc8 30. a5 Bd8 31. Bxc5 Rb8 32. f4 b6 33. axb6 axb6 34. f5 Ra8 35. fxg6 b5 36. Ne3 hxg6 37. Qd1 g5 38. Nf5 g6 39. Ne3 Qe6 40. Qg4 Qb3 41. Be2 Rf7 0-1


[Site "https://www.chess.com"]

[Event "Titled Tuesday Blitz April 19 Late 2022"]
[White "Ferreira, Vitor Hugo Vieira"]
[Black "Hoffmann, Asa"]
[WhiteFideId "2119765"]
[BlackFideId "2001470"]
[WhiteElo "2165"]
[BlackElo "2117"]
[Result "1-0"]
[Round "06"]
[TimeControl "180+1"]
[Date "2022.04.19"]
[WhiteClock "0:01:33"]
[BlackClock "0:00:01"]

1. d4 Nf6 2. c4 c5 3. d5 e5 4. dxe6 fxe6 5. Nc3 d5 6. cxd5 exd5 7. e4 d4 8. e5 Qe7 9. Qe2 dxc3 10. exf6 gxf6 11. bxc3 Nc6 12. Nf3 Bg4 13. Qxe7+ Bxe7 14. Bb5 Bxf3 15. gxf3 O-O-O 16. Be3 Ne5 17. Ke2 a6 18. Ba4 b5 19. Bc2 Kc7 20. a4 b4 21. cxb4 cxb4 22. Bf5 Rd6 23. Bc5 Rb8 24. Bxd6+ Bxd6 25. a5 b3 26. Rhc1+ Kd8 27. Rab1 Rb5 28. Rc3 b2 29. Rc2 Ba3 30. Bxh7 Rxa5 31. Be4 Ke7 32. h4 Nd7 33. Rc7 Kd6 34. Rc6+ Ke7 35. Rd1 Ne5 36. Rc7+ Ke6 37. f4 Nf7 38. f3 Nd6 39. f5+ Ke5 40. Re7+ Kf4 41. Rg1 1-0


[Site "https://www.chess.com"]

[Event "Titled Tuesday Blitz April 19 Late 2022"]
[White "Gatterer, Florian"]
[Black "Bongo Akanga Ndjila, Barthelemy"]
[WhiteFideId "811688"]
[BlackFideId "10609431"]
[WhiteElo "2218"]
[BlackElo "1768"]
[Result "1-0"]
[Round "06"]
[TimeControl "180+1"]
[Date "2022.04.19"]
[WhiteClock "0:00:52"]
[BlackClock "0:01:52"]

1. f4 Nf6 2. Nf3 g6 3. g3 Bg7 4. Bg2 d6 5. d3 c5 6. e4 Nc6 7. O-O O-O 8. c3 e5 9. f5 d5 10. Nh4 dxe4 11. dxe4 Qc7 12. Be3 Rd8 13. Qc1 b6 14. Na3 Ba6 15. Rf2 Na5 16. Bh6 Bh8 17. Qg5 Qe7 18. fxg6 fxg6 19. Bf1 Bb7 20. Nc4 Nc6 21. Ne3 Nxe4 22. Bc4+ 1-0


[Site "https://www.chess.com"]

[Event "Titled Tuesday Blitz April 19 Late 2022"]
[White "Gledura, Benjamin"]
[Black "Oparin, Grigoriy"]
[WhiteFideId "712779"]
[BlackFideId "24125890"]
[WhiteElo "2326"]
[BlackElo "2665"]
[Result "1-0"]
[Round "06"]
[TimeControl "180+1"]
[Date "2022.04.19"]
[WhiteClock "0:00:43"]
[BlackClock "0:00:05"]

1. e4 e5 2. Nf3 Nc6 3. Nc3 Nf6 4. d3 h6 5. g3 Bb4 6. Bg2 d5 7. exd5 Nxd5 8. Bd2 O-O 9. O-O Nf6 10. Re1 Re8 11. a3 Bd6 12. b4 a6 13. Rb1 Bg4 14. h3 Bh5 15. Qc1 Qd7 16. Nh4 Nd4 17. g4 Bxg4 18. hxg4 Qxg4 19. Ne4 Qxh4 20. Nxf6+ Qxf6 21. Qd1 c6 22. c3 Ne6 23. Qg4 Rad8 24. Be4 Ng5 25. Be3 Nxe4 26. dxe4 Bc7 27. Kh1 Qe6 28. Qg2 Qg6 29. Qf3 Re6 30. Rg1 Qh7 31. Rg4 Rg6 32. Rxg6 fxg6 33. Rd1 g5 34. Rxd8+ Bxd8 35. Qg4 Qg6 36. Qc8 Qxe4+ 37. Kg1 Qd3 38. Bb6 Kh7 39. Bxd8 Qxc3 40. Qf5+ Kg8 41. Bc7 Qc1+ 42. Kg2 Qf4 43. Qe6+ Kh7 44. Qxe5 Qg4+ 45. Qg3 Qe4+ 46. Qf3 Qe6 47. Bb6 Kg6 48. Bd4 h5 49. Qd3+ Kh6 50. Qe3 Qd5+ 51. f3 Qf5 52. Qe4 Qg6 53. a4 Qf7 54. a5 Qa2+ 55. Kg3 Qf7 56. Qe5 Kg6 57. Be3 Qf6 58. Qe4+ Qf5 59. Bd4 g4 60. Qxf5+ Kxf5 61. fxg4+ hxg4 62. Bxg7 Ke4 63. Bf8 Kd5 64. Kxg4 Ke6 65. Bc5 Kd7 66. Kf5 Kc8 67. Ke6 Kb8 68. Kd7 Ka8 69. Kc7 b5 70. Kxc6 Kb8 71. Kb6 1-0


[Site "https://www.chess.com"]

[Event "Titled Tuesday Blitz April 19 Late 2022"]
[White "Golubev, Mikhail"]
[Black "Goryachkina, Aleksandra"]
[WhiteFideId "14100983"]
[BlackFideId "4147103"]
[WhiteElo "2374"]
[BlackElo "2426"]
[Result "0-1"]
[Round "06"]
[TimeControl "180+1"]
[Date "2022.04.19"]
[WhiteClock "0:00:01"]
[BlackClock "0:00:15"]

1. e4 e6 2. d4 d5 3. Nc3 Bb4 4. e5 c5 5. a3 Bxc3+ 6. bxc3 Ne7 7. a4 Qa5 8. Bd2 Qc7 9. Nf3 b6 10. Bb5+ Bd7 11. O-O Bxb5 12. axb5 O-O 13. Bg5 a5 14. dxc5 Qxc5 15. Qd4 Ng6 16. Qxc5 bxc5 17. b6 Nd7 18. Rfb1 Rfb8 19. b7 Ra7 20. h4 h5 21. Be3 Raxb7 22. Rxb7 Rxb7 23. Rxa5 Ngxe5 24. Nxe5 Nxe5 25. Bxc5 Rb1+ 26. Kh2 Rc1 27. Ra8+ Kh7 28. Bd4 Ng4+ 29. Kg3 Rxc2 30. f3 Nf6 31. Ra7 Kg6 32. Rc7 Ne8 33. Rd7 Nf6 34. Rc7 Ng8 35. Rd7 Nh6 36. Kf4 f6 37. g4 e5+ 38. Bxe5 fxe5+ 0-1


[Site "https://www.chess.com"]

[Event "Titled Tuesday Blitz April 19 Late 2022"]
[White "Goncalves, Ivan Mesquita V"]
[Black "Buchenau, Frank"]
[WhiteFideId "2114224"]
[BlackFideId "4604350"]
[WhiteElo "2299"]
[BlackElo "2193"]
[Result "0-1"]
[Round "06"]
[TimeControl "180+1"]
[Date "2022.04.19"]
[WhiteClock "0:00:13"]
[BlackClock "0:00:25"]

1. c4 e5 2. Nc3 Nf6 3. g3 Bb4 4. Bg2 O-O 5. e4 Bxc3 6. dxc3 d6 7. Ne2 Be6 8. b3 a5 9. O-O Nbd7 10. f4 exf4 11. gxf4 Bg4 12. Qc2 Nc5 13. Ng3 Re8 14. Re1 Bd7 15. Be3 Bc6 16. Bd4 Ne6 17. Qd2 a4 18. Rad1 axb3 19. axb3 Ra3 20. b4 Nxd4 21. cxd4 Ng4 22. Bh3 Qh4 23. Bxg4 Qxg4 24. d5 Bd7 25. Rc1 h5 26. Qe2 Qxf4 27. Rf1 Qg4 28. Qxg4 Bxg4 29. c5 Rb3 30. cxd6 cxd6 31. Rc7 f6 32. Rxb7 h4 33. Nf5 Bxf5 34. exf5 Re2 35. Rf2 Re1+ 36. Kg2 h3# 0-1


[Site "https://www.chess.com"]

[Event "Titled Tuesday Blitz April 19 Late 2022"]
[White "Hernandez Bermudez, Ulises Eduardo"]
[Black "Petrovic, Aleksa"]
[WhiteFideId "3902510"]
[BlackFideId "967629"]
[WhiteElo "2056"]
[BlackElo "2198"]
[Result "0-1"]
[Round "06"]
[TimeControl "180+1"]
[Date "2022.04.19"]
[WhiteClock "0:00:16"]
[BlackClock "0:00:13"]

1. e4 e6 2. d4 d5 3. e5 c5 4. c3 Ne7 5. Nf3 Nec6 6. a3 a5 7. Bd3 b6 8. O-O Ba6 9. Bxa6 Rxa6 10. Be3 c4 11. Nbd2 b5 12. Re1 Qb6 13. g3 b4 14. axb4 axb4 15. Rxa6 Qxa6 16. Qa1 Be7 17. Qxa6 Nxa6 18. Ra1 Nc7 19. Kg2 Kd7 20. Bg5 Ra8 21. Rxa8 Nxa8 22. Bxe7 Kxe7 23. Ne1 Nb6 24. Nc2 b3 25. Ne3 Na4 26. Nd1 f6 27. f4 h5 28. Kf3 Kf7 29. h4 Kg6 30. Nf1 Na7 31. Nfe3 Nb5 32. f5+ Kf7 33. fxe6+ Kxe6 34. exf6 gxf6 35. Ke2 Nd6 36. Ng2 Ne4 37. Nf4+ Kd6 38. Nxh5 f5 39. Ke3 Ke7 40. Nf4 Nxg3 41. Nxd5+ Kd6 42. Nf4 Nb6 43. Kf3 Ne4 44. Ne3 Nxc3 45. Nxf5+ Kd7 46. h5 Ncd5 47. Ne2 c3 48. h6 cxb2 49. h7 b1=Q 50. h8=Q Qf1+ 51. Ke4 Qxe2+ 52. Ne3 Qxe3+ 53. Kf5 Qf4+ 54. Kg6 Qf6+ 55. Qxf6 Nxf6 0-1


[Site "https://www.chess.com"]

[Event "Titled Tuesday Blitz April 19 Late 2022"]
[White "Herrera Reyes, Jose Antonio"]
[Black "Wagner, Dinara"]
[WhiteFideId "2274914"]
[BlackFideId "24157570"]
[WhiteElo "2651"]
[BlackElo "2503"]
[Result "1-0"]
[Round "06"]
[TimeControl "180+1"]
[Date "2022.04.19"]
[WhiteClock "0:00:48"]
[BlackClock "0:00:04"]

1. Nf3 d5 2. g3 c6 3. Bg2 Bf5 4. d3 Nd7 5. O-O e6 6. c3 Ngf6 7. Qb3 Qb6 8. Be3 Qxb3 9. axb3 a6 10. b4 h6 11. Nbd2 Rc8 12. Nb3 e5 13. Na5 Rc7 14. Nh4 Bh7 15. f4 Bd6 16. fxe5 Bxe5 17. Nf5 Bxf5 18. Rxf5 O-O 19. Raf1 Re8 20. Bc1 Bd6 21. e4 dxe4 22. dxe4 Ne5 23. Bxh6 Nfg4 24. Bc1 g6 25. R5f4 Kg7 26. Rd1 Be7 27. h3 Nf6 28. Rff1 Nfd7 29. Bf4 Bf6 30. g4 g5 31. Bg3 Nf8 32. Nb3 Nfg6 33. Nd4 Nh4 34. Nf5+ Nxf5 35. Rxf5 Rce7 36. Rdf1 Re6 37. Bxe5 Bxe5 38. Rxf7+ Kg6 39. Rxb7 Bf4 40. h4 Rd6 41. hxg5 Be3+ 42. Kh2 Rh8+ 43. Kg3 Bxg5 44. e5 Rd3+ 45. Rf3 Bh4+ 46. Kf4 Rf8+ 47. Ke4 Rd1 48. Rxf8 Re1+ 49. Kd3 Bg3 50. Be4+ Kg5 51. Rg7+ Kh6 52. Rg6+ Kh7 53. Rf7+ Kh8 54. Rf8+ Kh7 55. Rgg8+ Kh6 56. Rf6# 1-0


[Site "https://www.chess.com"]

[Event "Titled Tuesday Blitz April 19 Late 2022"]
[White "Ibadov, Dashgyn"]
[Black "Kosteniuk, Alexandra"]
[WhiteFideId "24107514"]
[BlackFideId "4128125"]
[WhiteElo "2530"]
[BlackElo "2686"]
[Result "0-1"]
[Round "06"]
[TimeControl "180+1"]
[Date "2022.04.19"]
[WhiteClock "0:00:07"]
[BlackClock "0:00:50"]

1. e4 c6 2. d4 d5 3. e5 c5 4. dxc5 e6 5. Be3 Qc7 6. Nf3 Bxc5 7. Bxc5 Qxc5 8. Bd3 Ne7 9. O-O Ng6 10. Nbd2 Nc6 11. Nb3 Qb6 12. Re1 O-O 13. c3 Qc7 14. Bxg6 fxg6 15. Nbd4 Nxd4 16. Nxd4 Bd7 17. Qd2 Rf7 18. Re3 Raf8 19. Rf1 Rf4 20. g3 R4f7 21. f4 Qb6 22. Kg2 a5 23. Rf2 Qc5 24. Nf3 b5 25. Qd4 Rc8 26. Qxc5 Rxc5 27. a3 b4 28. axb4 axb4 29. cxb4 Rc4 30. Rc3 Rxb4 31. Ng5 Re7 32. Rc7 Rb6 33. Rfc2 h6 34. Nf3 Kf7 35. Nd4 Rb4 36. Ne2 g5 37. Kf2 gxf4 38. gxf4 Bb5 39. Rxe7+ Kxe7 40. Rc7+ Kd8 41. Rc2 Bxe2 42. Kxe2 Rxf4 43. Kd3 Re4 44. b4 Rxb4 0-1


[Site "https://www.chess.com"]

[Event "Titled Tuesday Blitz April 19 Late 2022"]
[White "Isajevsky, Anton"]
[Black "Nazaretyan, Tigran"]
[WhiteFideId "4142500"]
[BlackFideId "24162345"]
[WhiteElo "2528"]
[BlackElo "2658"]
[Result "1-0"]
[Round "06"]
[TimeControl "180+1"]
[Date "2022.04.19"]
[WhiteClock "0:00:20"]
[BlackClock "0:00:37"]

1. c4 e5 2. g3 Nf6 3. Bg2 c6 4. d4 exd4 5. Qxd4 d5 6. cxd5 cxd5 7. a3 Nc6 8. Qd3 g6 9. Nf3 Bf5 10. Qd1 Bg7 11. O-O O-O 12. Nc3 d4 13. Na4 Ne4 14. Nh4 b5 15. Nxf5 gxf5 16. Nc5 Qe7 17. Nd3 Rac8 18. Bf4 Rfd8 19. Rc1 Na5 20. Re1 Nc4 21. Qb3 a6 22. a4 Na5 23. Qd1 b4 24. Rxc8 Rxc8 25. e3 Nc4 26. exd4 Bxd4 27. Qh5 Qa7 28. Bxe4 fxe4 29. Rxe4 Bf6 30. Qg4+ Kf8 31. Qxc8+ Kg7 32. Qxc4 a5 33. Be5 Qe7 34. Bxf6+ Qxf6 35. Qd4 Qxd4 36. Rxd4 f5 37. f4 h5 38. Kf2 h4 39. Ke3 hxg3 40. hxg3 Kg6 41. Rd5 Kh5 42. Rxf5+ Kg4 43. Rxa5 Kh3 44. Nxb4 Kg4 45. Rd5 Kh3 46. a5 Kg4 47. a6 Kh3 48. a7 Kg4 49. a8=Q Kh3 50. f5 Kg4 51. f6 Kh3 52. f7 Kg2 53. f8=Q Kh3 54. Rh5+ 1-0


[Site "https://www.chess.com"]

[Event "Titled Tuesday Blitz April 19 Late 2022"]
[White "Iskusnyh, Sergei"]
[Black "Saraci, Nderim"]
[WhiteFideId "4120027"]
[BlackFideId "6351921"]
[WhiteElo "2492"]
[BlackElo "2553"]
[Result "0-1"]
[Round "06"]
[TimeControl "180+1"]
[Date "2022.04.19"]
[WhiteClock "0:00:03"]
[BlackClock "0:00:20"]

1. d4 Nf6 2. c4 g6 3. g3 Bg7 4. Bg2 O-O 5. Nc3 d6 6. Nf3 Nc6 7. O-O e5 8. dxe5 Nxe5 9. b3 c6 10. Bg5 h6 11. Bd2 Re8 12. Qc1 Kh7 13. Rd1 Qe7 14. Nxe5 dxe5 15. h3 Be6 16. Be3 Bf5 17. Qb2 h5 18. b4 Qe6 19. Kh2 Qxc4 20. Rac1 Qe6 21. Na4 e4 22. Nc5 Qe7 23. Bd4 Rad8 24. e3 Bh8 25. a4 Nd5 26. b5 b6 27. Bxh8 Rxh8 28. Nb3 c5 29. Nd2 Nb4 30. Qc3 Nd3 31. Ra1 Nxf2 32. Rf1 Nd3 33. Nc4 Rhe8 34. a5 Be6 35. axb6 axb6 36. Ra6 Nb4 37. Raa1 Rd3 38. Qc1 Bxc4 39. Qxc4 f5 40. Ra4 Red8 41. Rfa1 h4 42. Ra7 R3d7 43. gxh4 Rxa7 44. Rxa7 Qxa7 45. h5 Qc7+ 46. Kh1 Rd1+ 47. Bf1 Nd3 48. Qe6 Rxf1+ 49. Kg2 Rf2+ 50. Kh1 Qh2# 0-1


[Site "https://www.chess.com"]

[Event "Titled Tuesday Blitz April 19 Late 2022"]
[White "Ivanisevic, Ivan"]
[Black "Martic, Ivan"]
[WhiteFideId "912417"]
[BlackFideId "929301"]
[WhiteElo "2495"]
[BlackElo "2317"]
[Result "1-0"]
[Round "06"]
[TimeControl "180+1"]
[Date "2022.04.19"]
[WhiteClock "0:00:24"]
[BlackClock "0:00:12"]

1. d4 d5 2. c4 c6 3. Nf3 Nf6 4. Nc3 dxc4 5. e4 b5 6. Be2 e6 7. O-O a6 8. a4 Bb7 9. e5 Nd5 10. Ne4 Be7 11. Bg5 O-O 12. Nd6 Bxg5 13. Nxb7 Qe7 14. Nd6 Nd7 15. Qc2 Bh6 16. b3 c3 17. b4 f6 18. Bd3 fxe5 19. Bxh7+ Kh8 20. Nxe5 Nxe5 21. dxe5 Bf4 22. Bg6 Bxe5 23. Ne4 Qh4 24. g3 Qh6 25. Nc5 Nxb4 26. Qe4 Bd6 27. Nxe6 Rf6 28. Bf5 Re8 29. Rfe1 Nd5 30. axb5 axb5 31. Ra7 Bc5 32. Nxc5 Rxe4 33. Ra8+ 1-0


[Site "https://www.chess.com"]

[Event "Titled Tuesday Blitz April 19 Late 2022"]
[White "Jaferian, Koosha"]
[Black "Hambleton, Aman"]
[WhiteFideId "12507440"]
[BlackFideId "2606577"]
[WhiteElo "2030"]
[BlackElo "2552"]
[Result "1/2-1/2"]
[Round "06"]
[TimeControl "180+1"]
[Date "2022.04.19"]
[WhiteClock "0:00:06"]
[BlackClock "0:00:03"]

1. Nf3 b6 2. g3 Bb7 3. Bg2 Nf6 4. b3 e6 5. Bb2 c5 6. O-O Be7 7. c4 d6 8. d4 cxd4 9. Nxd4 Bxg2 10. Kxg2 Qc7 11. Nc3 Qb7+ 12. Kg1 a6 13. Qd2 O-O 14. Rfd1 Nbd7 15. Rac1 h5 16. Nf3 b5 17. Nb1 Rfc8 18. Qd3 Nc5 19. Qe3 Nce4 20. Nbd2 bxc4 21. Bxf6 Nxf6 22. Nxc4 d5 23. Nce5 Ne4 24. Nd3 a5 25. Rxc8+ Rxc8 26. Rc1 Ra8 27. Kg2 a4 28. bxa4 Rxa4 29. Rc2 g6 30. Nfe5 Kg7 31. Qf3 Bf6 32. Nc6 Ra6 33. Ncb4 Ra4 34. Nc6 Qa8 35. h4 Rxa2 36. Rxa2 Qxa2 37. Nf4 Qc4 38. Na5 Qa4 39. Nb3 Nc5 40. Nxc5 Qc6 41. Ncd3 Qc4 42. Ne1 Qa2 43. Qd3 Qa1 44. Nf3 Kg8 45. Nxg6 fxg6 46. Qxg6+ Kf8 47. Qxh5 Qb2 48. e3 Ke7 49. Qg6 e5 50. h5 d4 51. exd4 exd4 52. h6 Qb8 53. h7 Qh8 54. Qe4+ Kf7 55. Qf5 Kg7 56. Nd2 Qe8 57. Ne4 Bd8 58. Ng5 Bxg5 59. Qxg5+ Kxh7 60. Qh4+ Kg6 61. Qxd4 Qc6+ 62. Kg1 Qc1+ 63. Kg2 Qc6+ 64. Kh2 Qf3 65. Qe3 Qh5+ 66. Kg2 Qd5+ 67. Qf3 Qa2 68. Qf4 Qa8+ 69. Kh2 Qa2 70. g4 Qb3 71. Qf5+ Kg7 72. f3 Qb2+ 73. Kg3 Qb8+ 74. Qf4 Qb2 75. Qg5+ Kf7 76. Qf5+ Kg7 77. Kf4 Qd2+ 78. Ke5 Qc3+ 79. Kf4 Qd2+ 80. Ke5 Qc3+ 81. Ke6 Qc6+ 82. Ke7 Qb7+ 83. Qd7 Qxf3 84. Kd8+ Kg6 85. Qe6+ Kg5 86. Qe5+ Kxg4 87. Qe7 Kg3 88. Qd7 Kf2 89. Kc7 Qc3+ 90. Qc6 Qxc6+ 91. Kxc6 1/2-1/2


[Site "https://www.chess.com"]

[Event "Titled Tuesday Blitz April 19 Late 2022"]
[White "Janaszak, Dawid"]
[Black "Sliwicki, Damian"]
[WhiteFideId "1119206"]
[BlackFideId "1127128"]
[WhiteElo "2199"]
[BlackElo "2084"]
[Result "1-0"]
[Round "06"]
[TimeControl "180+1"]
[Date "2022.04.19"]
[WhiteClock "0:00:40"]
[BlackClock "0:00:57"]

1. d4 d5 2. Bf4 Nf6 3. Nf3 e6 4. e3 Bd6 5. Nbd2 c5 6. c3 Nc6 7. Ne5 O-O 8. Ndf3 Ne4 9. Bd3 f6 10. Nxc6 bxc6 11. Bxd6 Qxd6 12. Bxe4 dxe4 13. Nd2 Ba6 14. Nxe4 Qd5 15. f3 cxd4 16. Qxd4 Qa5 17. Qc5 Qc7 18. O-O-O Rab8 19. Qd6 Qa5 20. Qxe6+ Kh8 21. Nd6 Rxb2 22. Nf7+ Kg8 23. Nh6+ Kh8 24. Qg8+ Rxg8 25. Nf7# 1-0


[Site "https://www.chess.com"]

[Event "Titled Tuesday Blitz April 19 Late 2022"]
[White "Jaracz, Pawel"]
[Black "Migot, Tangi"]
[WhiteFideId "1102222"]
[BlackFideId "662445"]
[WhiteElo "2429"]
[BlackElo "2543"]
[Result "1-0"]
[Round "06"]
[TimeControl "180+1"]
[Date "2022.04.19"]
[WhiteClock "0:00:16"]
[BlackClock "0:00:13"]

1. d4 Nf6 2. c4 e6 3. Nf3 d5 4. g3 Bb4+ 5. Bd2 Be7 6. Bg2 O-O 7. Qb3 c6 8. O-O b6 9. Rc1 Ba6 10. Ne5 dxc4 11. Nxc4 Qxd4 12. Be3 Qd8 13. Ne5 Nfd7 14. Nxc6 Nxc6 15. Bxc6 Rc8 16. Qa4 Nb8 17. Bf3 Rxc1+ 18. Bxc1 Qd7 19. Qxd7 Nxd7 20. Nc3 Ne5 21. Bg2 Bb4 22. Bf4 Nc4 23. a3 Bxc3 24. bxc3 Rd8 25. g4 e5 26. Bg3 f6 27. a4 Kf7 28. h4 Ke6 29. Be4 g6 30. Bd3 f5 31. a5 b5 32. gxf5+ gxf5 33. f3 Rg8 34. Kh2 Bb7 35. Rb1 Bc6 36. a6 e4 37. fxe4 fxe4 38. Bc2 Nd2 39. Rd1 e3 40. Bxh7 Rg7 41. Bd3 Be4 42. Bxb5 Bc2 43. Rg1 Be4 44. Bf4 Rxg1 45. Kxg1 Kf5 46. Bxe3 Nb3 47. Bxa7 Na5 48. Bc5 1-0


[Site "https://www.chess.com"]

[Event "Titled Tuesday Blitz April 19 Late 2022"]
[White "Jaskolka, Tomasz"]
[Black "Fiedorek, Michal"]
[WhiteFideId "1170791"]
[BlackFideId "1199528"]
[WhiteElo "2073"]
[BlackElo "1833"]
[Result "1-0"]
[Round "06"]
[TimeControl "180+1"]
[Date "2022.04.19"]
[WhiteClock "0:01:17"]
[BlackClock "0:00:03"]

1. d4 b6 2. Bf4 Bb7 3. e3 Nf6 4. Nf3 g6 5. Nbd2 Bg7 6. Bd3 d6 7. c3 O-O 8. h4 h5 9. Qe2 c5 10. Ng5 Bxg2 11. Rg1 Bb7 12. O-O-O d5 13. Be5 c4 14. Bc2 Nc6 15. Bxf6 exf6 16. Nxf7 Rxf7 17. Bxg6 Re7 18. Qxh5 b5 19. Qh7+ Kf8 20. h5 f5 21. Bxf5 Qd6 22. Rg6 Qh2 23. Be6 Rxe6 24. Qxg7+ Ke8 25. Rxe6+ Kd8 26. Qxb7 1-0


[Site "https://www.chess.com"]

[Event "Titled Tuesday Blitz April 19 Late 2022"]
[White "Jegorovas, Aleksandras"]
[Black "Tristan, Leonardo"]
[WhiteFideId "12801950"]
[BlackFideId "113816"]
[WhiteElo "2247"]
[BlackElo "2404"]
[Result "1-0"]
[Round "06"]
[TimeControl "180+1"]
[Date "2022.04.19"]
[WhiteClock "0:00:14"]
[BlackClock "0:00:05"]

1. Nf3 d5 2. d4 Nf6 3. c4 e6 4. Nc3 a6 5. c5 b6 6. cxb6 cxb6 7. Bf4 Bd6 8. Bxd6 Qxd6 9. e3 O-O 10. Ne5 Nc6 11. f4 Ne7 12. Bd3 Bb7 13. O-O Ne4 14. Qf3 Nxc3 15. bxc3 f6 16. Qh5 Nf5 17. g4 fxe5 18. fxe5 Qc6 19. gxf5 exf5 20. Rxf5 Rxf5 21. Qxf5 g6 22. Qg4 Re8 23. Rf1 Bc8 24. Qg3 Re6 25. Bf5 Re7 26. Bxc8 Qxc8 27. Qf4 Qe8 28. e4 dxe4 29. Qxe4 Rc7 30. e6 Qe7 31. d5 Rc8 32. Qe5 Qc5+ 33. Kh1 Re8 34. Rf7 Re7 35. Qg7# 1-0


[Site "https://www.chess.com"]

[Event "Titled Tuesday Blitz April 19 Late 2022"]
[White "Kaasen, Tor Fredrik"]
[Black "Fedoseev, Vladimir"]
[WhiteFideId "1516647"]
[BlackFideId "24130737"]
[WhiteElo "2335"]
[BlackElo "2726"]
[Result "0-1"]
[Round "06"]
[TimeControl "180+1"]
[Date "2022.04.19"]
[WhiteClock "0:01:02"]
[BlackClock "0:01:01"]

1. e4 c5 2. Nf3 d6 3. d4 cxd4 4. Nxd4 Nf6 5. Nc3 a6 6. Bg5 Nbd7 7. Bc4 Qb6 8. Bb3 e6 9. Bxf6 Nxf6 10. Qd2 Nd7 11. O-O-O Nc5 12. f4 Bd7 13. f5 O-O-O 14. Rhf1 Be7 15. Kb1 Bf6 16. Nf3 Bc6 17. fxe6 fxe6 18. Ng5 Rhe8 19. Nf7 Rd7 20. Nxd6+ Kb8 21. Qf4 e5 22. Qg4 Red8 23. Nc4 Qc7 24. Ne3 Rxd1+ 25. Rxd1 Rd4 26. Ned5 Qd6 27. Re1 Nxb3 28. axb3 Bxd5 29. Nxd5 Qxd5 30. c3 Qd7 31. Qh5 Rd2 32. Kc1 Qd3 0-1


[Site "https://www.chess.com"]